Map: Ruins of Seras

Players

Innovator - Winner!

  • Race: Protoss Protoss
  • League: Master

Sanguine

  • Race: Terran Terran
  • League: Master

Gray

  • Race: Terran Terran

VOD

Have the link to the VOD?

Description

Time

  • Played on: March 7, 2016, 8:12 p.m.
  • Length: 15:57
Show
View Real Time Build Order
Export as new Build Order

Innovator Protoss - Winner!

Build Orders: 1 Gate Expand, Zealot Archon, Dark Templar Rush 

Get SALT Encoding   

  12  0:01  Probe (Chrono Boost)  
  13  0:11  Probe (Chrono Boost)  
  14  0:18  Pylon  
  14  0:23  Probe (Chrono Boost)  
  15  0:36  Probe (Chrono Boost)  
  15  0:39  Gateway  
  16  0:47  Probe (Chrono Boost)  
  17  0:57  Probe (Chrono Boost)  
  18  1:15  Nexus  
  18  1:20  Probe (Chrono Boost)  
  18  1:22  Assimilator  
  19  1:27  Assimilator  
  19  1:31  Probe (Chrono Boost)  
  20  1:42  Pylon  
  20  1:47  Cybernetics Core  
  20  1:53  Probe (Chrono Boost)  
  21  2:03  Probe (Chrono Boost)  
  22  2:14  Probe (Chrono Boost)  
  23  2:18  Pylon  
  23  2:25  Mothership Core (Chrono Boost), Adept  
  23  2:28  Warp Gate  
  27  2:30  Probe (Chrono Boost)  
  28  2:43  Probe (Chrono Boost)  
  29  2:45  Probe (Chrono Boost)  
  30  2:53  Probe (Chrono Boost)  
  30  2:56  Probe (Chrono Boost)  
  31  3:02  Twilight Council  
  31  3:04  Probe (Chrono Boost)  
  32  3:08  Probe (Chrono Boost)  
  33  3:14  Probe (Chrono Boost)  
  33  3:19  Robotics Facility  
  34  3:22  Probe (Chrono Boost)  
  35  3:28  Probe (Chrono Boost)  
  35  3:32  Probe (Chrono Boost)  
  37  3:36  Assimilator  
  37  3:40  Probe (Chrono Boost)  
  38  3:45  Probe (Chrono Boost)  
  39  3:50  Probe (Chrono Boost)  
  39  3:52  Stalker  
  39  3:53  Dark Shrine  
  43  3:55  Probe (Chrono Boost)  
  43  4:01  Probe (Chrono Boost)  
  44  4:09  Pylon x2  
  44  4:12  Warp Prism (Chrono Boost)  
  46  4:20  Gateway  
  45  4:24  Gateway  
  45  4:30  Probe  
  45  4:32  Probe  
  47  4:44  Observer (Chrono Boost), Probe  
  49  4:52  Probe, Stalker  
  51  5:05  Probe  
  48  5:16  Probe, Dark Templar x2  
  48  5:18  Probe  
  54  5:26  Probe  
  51  5:31  Probe  
  51  5:32  Pylon  
  51  5:33  Nexus  
  50  5:42  Probe  
  49  5:43  Probe  
  49  5:47  Charge (Chrono Boost)  
  51  5:52  Dark Templar, Probe  
  52  5:57  Zealot x2  
  52  5:58  Probe  
  52  6:00  Assimilator  
  52  6:04  Pylon  
  57  6:07  Probe  
  57  6:12  Probe  
  57  6:14  Immortal (Chrono Boost)  
  60  6:19  Stalker  
  60  6:20  Stalker  
  64  6:28  Pylon x2  
  64  6:29  Probe  
  64  6:30  Probe  
  64  6:35  Dark Templar  
  66  6:48  Templar Archives  
  66  6:50  Gateway  
  66  6:52  Forge  
  66  6:53  Probe x2 (Chrono Boost)  
  66  6:54  Probe (Chrono Boost)  
  66  7:00  Dark Templar  
  69  7:05  Probe x2 (Chrono Boost)  
  69  7:06  Probe (Chrono Boost)  
  72  7:10  Pylon  
  72  7:17  Zealot x2  
  72  7:18  Immortal (Chrono Boost)  
  80  7:25  Photon Cannon  
  80  7:26  Protoss Ground Armor Level 1  
  80  7:34  Probe, Zealot  
  80  7:35  Probe, Archon  
  80  7:36  Probe  
  85  7:43  Gateway  
  85  7:44  High Templar x2  
  87  7:46  Gateway  
  87  7:48  Archon  
  89  7:57  Probe, Zealot x2  
  93  7:58  Probe  
  93  8:01  Observer (Chrono Boost), Probe  
  88  8:08  Probe  
  88  8:11  Probe  
  88  8:17  Probe, Zealot x2  
  88  8:18  Probe  
  79  8:21  Assimilator x2  
  79  8:24  Immortal (Chrono Boost)  
  83  8:35  Probe, Psionic Storm  
  83  8:36  Probe  
  83  8:37  Zealot x2  
  83  8:38  Zealot x2  
  83  8:40  Probe  
  91  8:47  Probe  
  93  8:55  Warp Prism  
  93  9:03  High Templar x3  
  93  9:08  Nexus  
  99  9:12  Probe x3  
  102  9:19  Pylon  
  102  9:20  Pylon  
  102  9:21  Zealot  
  104  9:25  Protoss Ground Armor Level 2 (Chrono Boost)  
  104  9:28  Probe, Pylon  
  104  9:29  Probe, Pylon  
  105  9:32  Photon Cannon  
  105  9:33  Photon Cannon  
  105  9:40  High Templar x2  
  105  9:45  Probe  
  109  9:46  Probe x2  
  109  9:49  Photon Cannon  
  109  9:51  Stalker x2  
  116  9:53  Pylon  
  116  9:56  Pylon  
  116  9:58  Dark Templar  
  117  10:04  Archon x2  
  111  10:08  High Templar  
  111  10:09  Immortal  
  117  10:14  Gateway  
  117  10:17  Zealot x3  
  123  10:25  Probe x2  
  125  10:32  Probe x2  
  127  10:36  High Templar x2  
  127  10:42  Probe  
  126  10:43  Probe  
  126  10:45  High Templar x3  
  129  10:51  Zealot x3  
  129  10:54  Probe  
  129  10:55  Probe  
  136  11:00  Probe x2  
  136  11:03  Assimilator  
  142  11:04  Assimilator, Pylon  
  142  11:06  Blink (Chrono Boost)  
  142  11:08  Forge  
  142  11:10  Observer  
  139  11:14  Photon Cannon  
  139  11:15  Photon Cannon  
  139  11:18  High Templar x2  
  139  11:23  High Templar  
  145  11:27  Archon  
  142  11:35  Probe x2  
  139  11:43  Photon Cannon  
  139  11:44  Dark Templar  
  139  11:45  Photon Cannon x2  
  141  11:47  Pylon  
  141  11:51  Pylon  
  141  11:54  Protoss Ground Weapons Level 1 (Chrono Boost)  
  141  11:55  Protoss Ground Armor Level 3 (Chrono Boost)  
  141  11:59  Nexus  
  141  12:00  Zealot x4  
  141  12:01  Zealot  
  151  12:07  Zealot  
  153  12:14  Photon Cannon  
  151  12:19  High Templar, Photon Cannon  
  153  12:27  Zealot x2  
  153  12:29  Dark Templar, Zealot  
  161  12:30  Zealot  
  161  12:35  Archon  
  161  12:36  High Templar  
  163  12:53  Nexus  
  163  12:57  Dark Templar  
  165  13:00  Stalker x4  
  173  13:11  Gateway  
  173  13:12  Gateway  
  171  13:14  Gateway  
  146  13:37  Zealot x4  
  146  13:38  Zealot  
  146  13:40  Immortal  
  145  13:53  Zealot x2  
  147  13:57  Photon Cannon  
  147  13:58  Photon Cannon  
  139  14:11  Zealot x3  
  139  14:12  Archon  
  127  14:17  Archon  
  127  14:20  Zealot x3  
  129  14:33  High Templar x3  
  129  14:34  High Templar  
  129  14:35  Immortal  
  141  14:49  High Templar x4  
  141  14:50  High Templar x2  
  153  14:59  Archon x2  
  153  15:00  Archon  
  153  15:10  Zealot x3  
  155  15:21  High Templar x2  
  155  15:22  High Templar x4  
  167  15:33  Stalker x2  
  167  15:34  Stalker  
  173  15:36  Archon x2  
  177  15:48  Archon  
  163  15:50  Nexus  
  163  15:54  Zealot  
  163  15:55  Zealot x2  
  165  15:56  Pylon  
Show
View Real Time Build Order
Export as new Build Order

Sanguine Terran 

Build Orders: Liberator Opening, Reaper Expand, MMM Bio 

Get SALT Encoding   

  12  0:00  SCV  
  13  0:12  SCV  
  14  0:18  Supply Depot  
  14  0:25  SCV  
  15  0:40  SCV  
  15  0:41  Barracks  
  16  0:47  Refinery  
  16  0:52  SCV  
  17  1:04  SCV  
  18  1:16  SCV  
  19  1:28  Orbital Command  
  19  1:29  Reaper  
  20  1:45  Command Center  
  20  1:53  SCV  
  21  1:56  Supply Depot  
  21  2:02  Barracks Reactor  
  21  2:08  SCV, Refinery  
  22  2:20  SCV  
  23  2:24  Factory  
  23  2:32  SCV  
  24  2:38  Marine x2  
  26  2:44  SCV  
  27  2:55  Marine  
  27  2:56  Marine, SCV  
  27  2:57  Orbital Command  
  30  3:08  SCV  
  30  3:09  Starport  
  30  3:10  Factory Tech Lab  
  31  3:16  Marine x2  
  33  3:20  SCV  
  33  3:23  SCV  
  35  3:29  Liberator  
  35  3:32  Cyclone  
  35  3:33  SCV  
  39  3:37  Marine x2  
  39  3:40  Supply Depot  
  39  3:41  SCV  
  41  3:45  SCV  
  45  3:53  SCV  
  45  3:55  Refinery  
  46  4:01  Marine x2, SCV  
  49  4:05  SCV  
  49  4:06  Supply Depot  
  49  4:09  Siege Tank  
  53  4:13  SCV  
  54  4:27  Marine x2  
  54  4:28  SCV x2  
  58  4:32  Barracks x2  
  58  4:40  SCV  
  58  4:42  Supply Depot  
  59  4:47  Marine x2, SCV  
  59  4:50  Factory Reactor  
  62  4:55  Supply Depot  
  62  4:59  Supply Depot  
  62  5:04  SCV x2, Raven  
  66  5:12  Engineering Bay x2  
  66  5:16  SCV  
  66  5:19  Command Center  
  60  5:39  Terran Infantry Weapons Level 1  
  55  5:46  Barracks Tech Lab  
  55  5:48  SCV  
  55  5:49  Marine x2  
  55  5:50  Banshee  
  55  5:51  Factory Reactor  
  55  5:52  SCV  
  59  6:00  SCV  
  59  6:01  Refinery  
  59  6:02  Missile Turret  
  60  6:04  Missile Turret, SCV  
  60  6:09  Stimpack  
  61  6:12  Marine x2, SCV  
  61  6:16  SCV  
  65  6:24  Marine, Terran Infantry Armor Level 1  
  65  6:25  Marine, Marauder  
  69  6:26  SCV  
  69  6:30  SCV  
  71  6:38  SCV  
  75  6:41  Missile Turret  
  75  6:42  SCV  
  75  6:44  Widow Mine x2  
  77  6:50  Barracks, SCV, Medivac  
  77  6:52  Barracks  
  80  6:54  SCV  
  81  7:02  Orbital Command  
  81  7:03  Marine x2  
  81  7:05  Missile Turret  
  81  7:06  Marauder  
  85  7:13  SCV x2  
  87  7:16  Missile Turret  
  87  7:19  Marauder  
  89  7:23  Marine  
  89  7:25  SCV  
  89  7:26  Marine  
  89  7:27  Marine  
  89  7:29  Medivac  
  96  7:31  Combat Shields  
  96  7:35  SCV, Armory  
  97  7:37  SCV  
  97  7:40  SCV  
  98  7:46  Barracks Tech Lab x2  
  98  7:48  Marine, Marauder  
  98  8:00  Supply Depot  
  97  8:10  Marine x2  
  97  8:11  Marauder x3  
  100  8:13  Marauder  
  100  8:17  Medivac x2  
  100  8:19  SCV x2  
  101  8:20  SCV  
  96  8:31  SCV  
  96  8:32  Marauder x2  
  96  8:33  Terran Infantry Weapons Level 2, Terran Infantry Armor Level 2  
  98  8:34  SCV x2  
  98  8:36  Marine x2, Marauder  
  98  8:37  Marine  
  105  8:46  Supply Depot  
  105  8:51  Supply Depot  
  103  9:01  Marine x3, SCV x3  
  103  9:02  Marine, Marauder x2, Concussive Shells  
  114  9:05  Supply Depot  
  78  9:10  Medivac  
  112  9:11  Medivac  
  112  9:12  Refinery  
  112  9:13  SCV x2  
  117  9:19  Marine, Marauder  
  117  9:25  Missile Turret  
  117  9:28  Marine x2  
  117  9:29  Marauder x2  
  123  9:36  Marine  
  124  9:38  Liberator  
  124  9:40  Marauder  
  124  9:42  Barracks  
  124  9:44  Barracks  
  126  9:46  Marine x2, Barracks  
  126  9:50  Marine, Marauder  
  131  9:52  Ghost Academy  
  131  9:54  Marine  
  135  10:01  Factory Tech Lab  
  135  10:02  Marauder  
  135  10:04  Marine x2  
  132  10:08  Marine  
  132  10:11  Marine  
  132  10:12  Marine  
  135  10:14  SCV  
  135  10:17  Supply Depot  
  136  10:21  Marine, Supply Depot  
  136  10:22  Marauder  
  136  10:23  Marauder  
  136  10:25  Marine  
  142  10:29  Marine x2  
  142  10:30  Marine  
  142  10:35  Liberator  
  144  10:39  Marine  
  133  10:44  Marine, Marauder x2  
  133  10:47  Marauder  
  133  10:48  Marine  
  133  10:49  Barracks Tech Lab  
  134  10:50  Missile Turret  
  134  10:51  Barracks Tech Lab  
  134  10:54  Missile Turret  
  135  10:57  Marine  
  135  11:02  Marauder  
  134  11:05  Marine x2, Marauder  
  134  11:07  Marine  
  134  11:08  Marine  
  142  11:11  Marauder  
  142  11:15  Marine  
  142  11:16  SCV  
  144  11:23  Marine, Marauder  
  144  11:24  Marine, Marauder  
  150  11:26  Marine  
  143  11:33  Marine x2  
  143  11:34  Marauder  
  143  11:41  Marine  
  143  11:43  Marauder  
  143  11:44  Marine, Marauder  
  143  11:45  Marine, Siege Tank  
  158  11:51  Marine x2  
  159  12:01  Command Center  
  159  12:03  Medivac x2  
  157  12:09  Starport  
  157  12:14  Marauder x2  
  162  12:15  Marauder  
  162  12:22  Marine x2  
  162  12:27  Marauder, Command Center  
  162  12:29  Terran Infantry Weapons Level 3  
  166  12:32  Missile Turret  
  166  12:46  Marine x3, Marauder  
  166  12:47  Marine x2, Marauder  
  170  12:52  Marine  
  170  12:53  Barracks Reactor  
  170  12:54  Siege Tank  
  173  13:00  Bunker  
  173  13:03  Marine  
  173  13:05  Marauder, Medivac  
  178  13:09  Medivac  
  180  13:13  Marine x2  
  180  13:16  Marine x2  
  180  13:17  Marine  
  163  13:32  Marine, Medivac  
  158  13:35  Marine x3  
  158  13:36  Marauder  
  158  13:40  Marine x3  
  131  13:41  Marauder  
  131  13:43  Marine  
  108  13:50  Marine  
  108  13:53  Marine x3  
  96  13:56  Marine  
  96  13:58  Marine x3  
  96  14:00  SCV  
  96  14:02  Marine  
  97  14:03  Marauder  
  97  14:08  Marine  
  98  14:10  Marine  
  98  14:11  Marine  
  98  14:14  Marine  
  98  14:15  Marauder  
  98  14:16  Marine x3  
  90  14:20  Marine  
  90  14:24  Marine  
  85  14:26  Marine  
  85  14:28  Marine x2  
  86  14:32  Marine  
  86  14:33  Planetary Fortress  
  86  14:34  Marauder x2  
  86  14:36  Marauder, SCV x2  
  96  14:39  Marine  
  96  14:41  Marine  
  96  14:44  Marine  
  99  14:50  Ghost  
  100  14:55  Ghost  
  100  14:57  Ghost  
  87  15:17  SCV  
  87  15:18  Marine x4, Marauder, SCV  
  87  15:19  Marauder  
  89  15:21  Marine  
  89  15:22  Marine, Medivac x2  
  89  15:24  Marauder  
  89  15:26  Marine  
  89  15:28  Refinery  
  98  15:36  Marine x4  
  98  15:40  SCV  
  98  15:42  Refinery  
Show
View Real Time Build Order
Export as new Build Order

Gray Terran 

Build Orders:  

Get SALT Encoding   

Tags
 
Add a new tag
Caveats
  • Supply blocks, unpowered buildings, or Contaminate may cause inaccurate times.
  • Supply counts are checked every 10 seconds.